 Dungeon Crawl Stone Soup version 0.28.0-43-g3370ac3207 (webtiles) character file.

Game seed: 15722795943374656077

668 funkygono the Firebug (level 7, -1/37 HPs)
             Began as a Gargoyle Fire Elementalist on Mar 5, 2022.
             Was a Follower of Vehumet.
             Slain by Edmund
             ... wielding a +4 flail of protection
              (18 damage)
             ... on level 4 of the Dungeon.
             The game lasted 00:09:10 (4862 turns).

funkygono the Firebug (Gargoyle Fire Elementalist)  Turns: 4862, Time: 00:09:10

Health: -1/37      AC:  7    Str: 12    XL:     7   Next: 58%
Magic:  11/14      EV: 12    Int: 17    God:    Vehumet [*.....]
Gold:   186        SH:  0    Dex: 10    Spells: 4/15 levels left

rFire   . . .      SeeInvis .   c - +1 whip
rCold   . . .      Faith    .   (no shield)
rNeg    + + .      Spirit   .   a - +0 robe
rPois   ∞          Reflect  .   k - +0 helmet
rElec   +          Harm     .   (no cloak)
rCorr   .          Rampage  .   (no gloves)
Will    .....                   (no boots)
Stlth   ++........              (no amulet)
HPRegen 0.12/turn               o - ring of positive energy
MPRegen 0.14/turn               (no ring)

@: no status effects
A: sickness immunity, AC +4, negative energy resistance 1, electricity
resistance, torment resistance 1, petrification resistance
a: Renounce Religion


You were on level 4 of the Dungeon.
You worshipped Vehumet.
Vehumet was aware of your devotion.
You visited 1 branch of the dungeon, and saw 4 of its levels.

You collected 186 gold pieces.

Inventory:

Hand Weapons
 c - a +1 whip (weapon)
 g - a +0 flail
Missiles
 d - 66 stones
Armour
 a - a +0 robe (worn)
 k - a +0 helmet (worn)
Jewellery
 o - a ring of positive energy (left hand)
Scrolls
 e - 2 scrolls of fear
 n - 2 scrolls of teleportation
Potions
 b - a potion of resistance {unknown}
 f - 5 potions of lignification
 h - 3 potions of might
 i - a potion of heal wounds {unknown}
 j - a potion of flight {unknown}
 l - a potion of attraction {unknown}


   Skills:
 + Level 0.5 Fighting
 + Level 0.6 Maces & Flails
 + Level 1.9 Dodging
 - Level 2.1 Stealth
 * Level 4.8 Spellcasting
 * Level 4.1 Conjurations
 * Level 5.5 Fire Magic


You had 4 spell levels left.
You knew the following spells:

 Your Spells              Type           Power      Damage    Failure   Level
a - Foxfire               Conj/Fire      80%        2x1d8     1%          1
b - Scorch                Fire           46%        2d7       2%          2
c - Conjure Flame         Conj/Fire      20%        6-21      6%          3
d - Flame Wave            Conj/Fire      20%        2d7       21%         4
e - Magic Dart            Conj           72%        1d6       2%          1

Your spell library contained the following spells:

 Spells                   Type           Power      Damage    Failure   Level
 Inner Flame              Hex/Fire       13%        N/A       14%         3


Dungeon Overview and Level Annotations

Branches:
Dungeon (4/15)
 Temple: D:4-7

Altars:
Vehumet
Zin

Shops:
D:4 *

Annotations:
D:4 Edmund


Innate Abilities, Weirdness & Mutations

You are immune to sickness and miasma.
Your stone body is resilient. (AC +4)
You are immune to poison.
You resist negative energy. (rN+)
You are resistant to electric shocks. (rElec)
You are resistant to unholy torment.
You are immune to petrification.


Message History

The foxfire hits the yak.
The yak is lightly wounded.
The foxfire hits the yak but does no damage.
The yak is lightly wounded.
Casting: Foxfire (safe; 1% risk of failure)
Confirm with . or Enter, or press ? or * to list all spells.
You conjure some foxfire!
Unknown command.
The foxfire hits the yak.
The yak is moderately wounded.
The foxfire hits the yak.
The yak is moderately wounded.
Casting: Foxfire (safe; 1% risk of failure)
Confirm with . or Enter, or press ? or * to list all spells.
You conjure some foxfire!
The yak gores you but does no damage.
Edmund drinks a potion.
Edmund goes berserk!
Unknown command.
The foxfire hits the yak.
The yak is moderately wounded.
The foxfire hits the yak.
The yak is moderately wounded.
You see here a hobgoblin skeleton.
Casting: Foxfire (safe; 1% risk of failure)
Confirm with . or Enter, or press ? or * to list all spells.
You conjure some foxfire!
The yak barely misses you. Edmund closely misses you.
Unknown command.
The foxfire hits Edmund.
Edmund is lightly wounded.
The foxfire hits Edmund.
Edmund is lightly wounded.
Edmund hits you but does no damage.
Edmund hits you with a +4 flail of protection.
Edmund misses you. Edmund misses you.
Edmund rages.
Edmund closely misses you.
Edmund rages.
Edmund hits you with a +4 flail of protection!!
Edmund hits you with a +4 flail of protection!!
You die...

...........# ##### ####
.##........###...##...##
. #....................##
#....................<#
...##.....#Y...........#
######.)...#.Y..........#
########..........#
##.Y@......# #..@...##.#
#...>...8.# #.........##
#.....∩....# #..........#
###.8..)<..# #........#
####.....# #######


You could see Edmund (berserk) and 3 yaks.

Vanquished Creatures
  Grinder (D:3)
  Eustachio (D:4)
  A steam dragon (D:4)
  A hound (D:3)
  An iguana (D:4)
  Natasha (twice) (D:3)
  Robin (D:3)
  3 adders
  A worm (D:2)
  2 dart slugs
  2 orcs (D:3)
  7 endoplasms
  3 giant cockroaches
  12 goblins
  7 hobgoblins
  2 quokkas (D:2)
  A ball python (D:4)
  6 bats
  3 frilled lizards
  6 kobolds
  3 rats
66 creatures vanquished.

Vanquished Creatures (others)
  230 foxfires
230 creatures vanquished.

Grand Total: 296 creatures vanquished

Notes
Turn   | Place    | Note
-------+----------+-------------------------------------------
     0 | D:1      | funkygono the Gargoyle Fire Elementalist began the quest
                  | for the Orb.
     0 | D:1      | Reached XP level 1. HP: 10/10 MP: 3/3
   357 | D:1      | Reached XP level 2. HP: 14/15 MP: 0/5
   403 | D:1      | Learned a level 2 spell: Scorch
   426 | D:1      | Found a faded altar of an unknown god.
  1393 | D:2      | Found a radiant altar of Vehumet.
  1406 | D:2      | Became a worshipper of Vehumet
  1592 | D:2      | Reached XP level 3. HP: 19/19 MP: 2/6
  1596 | D:2      | Learned a level 3 spell: Conjure Flame
  2283 | D:2      | Reached XP level 4. HP: 24/24 MP: 5/8
  2475 | D:2      | Reached * piety under Vehumet
  2475 | D:2      | Offered knowledge of Magic Dart by Vehumet.
  2597 | D:3      | Noticed Robin
  2606 | D:3      | Killed Robin
  2726 | D:3      | Reached XP level 5. HP: 27/28 MP: 3/9
  2792 | D:3      | Noticed Grinder
  2804 | D:3      | Killed Grinder
  2805 | D:3      | Reached skill level 4 in Fire Magic
  2805 | D:3      | Reached XP level 6. HP: 33/33 MP: 3/12
  3244 | D:3      | Noticed Natasha
  3248 | D:3      | Killed Natasha
  3268 | D:3      | Found a glowing silver altar of Zin.
  3693 | D:3      | Noticed Natasha
  3699 | D:3      | Killed Natasha
  4489 | D:3      | Learned a level 4 spell: Flame Wave
  4491 | D:3      | Learned a level 1 spell: Magic Dart
  4502 | D:4      | Found Biovvyh's General Store.
  4531 | D:4      | Noticed a steam dragon
  4537 | D:4      | Killed a steam dragon
  4538 | D:4      | Reached skill level 5 in Fire Magic
  4538 | D:4      | Reached XP level 7. HP: 23/37 MP: 4/13
  4556 | D:4      | Noticed Eustachio
  4662 | D:4      | Killed Eustachio
  4829 | D:4      | Noticed a yak
  4830 | D:4      | Noticed a yak
  4831 | D:4      | Noticed Edmund
  4834 | D:4      | Noticed a yak
  4862 | D:4      | Slain by Edmund

Illustrated notes

Levels and vault maps discovered:
D:1:      lightli_molten_gateway, layout_loops_corners, serial_rivers,
          chequers_serial_rivers_small_3, chequers_serial_rivers_room_b,
          chequers_serial_rivers_micro_a, chequers_serial_rivers_small_3,
          chequers_serial_rivers_small_3, chequers_serial_rivers_small_3,
          hellmonk_ecumenical_altar_heavens_door, serial_bayou_crossing
D:2:      layout_loops_cross, basic_altar, chequers_serial_rivers_micro_e
D:3:      layout_basic, lemuel_round_altar, uniq_grinder, uniq_robin,
          uniq_natasha
D:4:      layout_rooms, grunt_gozag_statues,
          mainiacjoe_overflow_small_starburst, nicolae_stop_n_shop_1,
          uniq_edmund, uniq_eustachio

Skill      XL: |  1  2  3  4  5  6  7 |
---------------+----------------------+-----
Spellcasting   | 3 4 |  4.8
Conjurations   | 2 3 4 |  4.1
Fire Magic     | 4 5 |  5.5
Fighting       | |  0.5
Maces & Flails | |  0.6
Dodging        | |  1.9
Stealth        | |  2.1

Action                   |  1- 3 |  4- 6 |  7- 9 || total
-------------------------+-------+-------+-------++-------
Melee: Whip              |     1 |     8 |       ||     9
       Punch             |       |     1 |       ||     1
 Cast: Foxfire           |    54 |    59 |    22 ||   135
       Scorch            |     6 |     7 |     1 ||    14
  Use: Scroll            |     2 |     4 |       ||     6
Armor: Robe              |     9 |    12 |     2 ||    23
Dodge: Dodged            |     3 |    29 |     5 ||    37
